 Dungeon Crawl Stone Soup version 0.29.0-11-gd7f09526c8 (webtiles) character file.

Game seed: 10254285284961715861

6 Tirrikindir the Shield-Bearer (level 1, 0/16 HPs)
             Began as an Octopode Fighter on Sept 5, 2022.
             Constricted to death by a ball python (1 damage)
             ... on level 1 of the Dungeon.
             The game lasted 00:00:49 (367 turns).

Tirrikindir the Shield-Bearer (Octopode Fighter)     Turns: 367, Time: 00:00:50

Health: 0/16       AC:  1    Str: 15    XL:     1   Next: 90%
Magic:  1/1        EV: 10    Int: 10    God:
Gold:   31         SH:  4    Dex: 11    Spells: 0/0 levels left

rFire   . . .      SeeInvis .   a - +0 long sword
rCold   . . .      Faith    .   b - +0 buckler
rNeg    . . .      Spirit   .   (helmet restricted)
rPois   .          Reflect  .   (no amulet)
rElec   .          Harm     .   (no ring)
rCorr   .          Rampage  .   (no ring)
Will    .....                   (no ring)
Stlth   ++........              (no ring)
HPRegen 0.05/turn               (no ring)
MPRegen 0.07/turn               (no ring)
                                (no ring)
                                (no ring)

@: constricted
A: almost no armour, amphibious, 8 rings, camouflage 1, gelatinous body 1,
(nimble swimmer 1), tentacles
a: no special abilities


You were on level 1 of the Dungeon.
You visited 1 branch of the dungeon, and saw 1 of its levels.

You collected 31 gold pieces.

Inventory:

Hand Weapons
 a - a +0 long sword (weapon)
Armour
 b - a +0 buckler (worn)
Potions
 c - a potion of might
 d - a potion of brilliance
 e - a potion of attraction {unknown}


   Skills:
 + Level 3.0 Fighting
 * Level 2.1 Long Blades
 + Level 3.0 Dodging
 + Level 0.4 Stealth
 + Level 3.1 Shields


You couldn't memorise any spells.
You didn't know any spells.
Your spell library was empty.

Dungeon Overview and Level Annotations

Branches:
Dungeon (1/15)

Altars:


Innate Abilities, Weirdness & Mutations

You cannot wear most types of armour.
You are amphibious.
You can wear up to eight rings at the same time.
Your skin changes colour to match your surroundings (Stealth+).
Your rubbery body absorbs attacks. (AC +1, EV +1)
((You are camouflaged when in or above water. (Stealth+)))
You have tentacles for arms and can constrict up to eight enemies at once.


Message History

You block the hobgoblin's attack.
You closely miss the hobgoblin. Your grab misses the hobgoblin.
The hobgoblin completely misses you. The hobgoblin hits you.
You hit the hobgoblin but do no damage. You grab the hobgoblin.
You constrict the hobgoblin. The hobgoblin hits you.
You hit the hobgoblin.
The hobgoblin is almost dead.
You constrict the hobgoblin, but do no damage.
The hobgoblin barely misses you.
You hit the hobgoblin.
You kill the hobgoblin!
You see here a hobgoblin corpse.
A goblin comes into view. It is wielding a +0 club.
The goblin shouts! 2 ball pythons and a rat come into view.
The teleport trap disappears.
The rat disappears!
The ball python bites you. The ball python misses you.
You barely miss the ball python.
The ball python hisses angrily.
Your grab misses the ball python. The ball python barely misses you.
The ball python closely misses you. The goblin closely misses you.
You block the ball python's attack. The ball python misses you.
You hit the goblin. Your grab misses the goblin.
Your squeeze misses the goblin.
The goblin is moderately wounded.
The ball python barely misses you. The ball python closely misses you.
The goblin hits you with a +0 club.
You barely miss the ball python. Your grab misses the ball python.
The ball python barely misses you. The ball python grabs you.
The ball python constricts you.
A frilled lizard comes into view.
You block the goblin's attack. The ball python bites you.
The ball python constricts you. The goblin hits you with a +0 club.
* * * LOW HITPOINT WARNING * * *
The frilled lizard hisses angrily.
You hit the ball python. You grab the ball python.
The ball python is moderately wounded.
You constrict the ball python. The ball python barely misses you.
The ball python constricts you.
You die...

..... ..............>..
..... ########.........
###..
##########......... .
#........#.........
#........#..#######
#........+..#
#........##.#######
#.S......##........
#.@......##.#######
...####g.......#..#
......S........#..#####.
.......#................
.......#.###.##...#.###.
.l.....#.#..†##.....#
.......#.#.###...#.....
.......#.#.......#.###..
.......+.#####...#.# .


You could see a goblin, 2 ball pythons and a frilled lizard.

Vanquished Creatures
  2 hobgoblins (D:1)
  A quokka (D:1)
  A goblin (D:1)
  2 rats (D:1)
6 creatures vanquished.

Notes
Turn   | Place    | Note
-------+----------+-------------------------------------------
     0 | D:1      | Tirrikindir the Octopode Fighter began the quest for the
                  | Orb.
     0 | D:1      | Reached XP level 1. HP: 16/16 MP: 1/1
   367 | D:1      | Constricted to death by a ball python

Illustrated notes

Levels and vault maps discovered:
D:1:      saegor_arrival_simple_e, layout_basic, ebering_ecumenical_altar_box

Action                   || total
-------------------------++-------
Melee: Long sword        ||    17
       Constrict         ||     5
       Tentacles         ||     3
  Use: Scroll            ||     1
Dodge: Dodged            ||    16
Block: Buckler           ||     3
